 Dungeon Sprint DCSS version 0.23.1 (webtiles) character file.

Game seed: 8167275857702628069

457 Fang the Fighter (level 7, -6/50 HPs)
             Began as a Gargoyle Berserker on Mar 18, 2019.
             Was a High Priest of Trog.
             Mangled by a bog body (15 damage)
             ... in the Dungeon (Sprint VII: "The Pits").
             The game lasted 00:01:16 (679 turns).

Fang the Fighter (Gargoyle Berserker)                Turns: 679, Time: 00:01:17

Health: -6/50      AC: 16    Str: 22    XL:     7   Next: 6%
Magic:  2/2        EV: 12    Int:  8    God:    Trog [*****.]
Gold:   0          SH:  0    Dex:  9    Spells: 6/6 levels left

rFire    . . .     SeeInvis .   p - +7 war axe (antimagic)
rCold    . . .     Gourm    .   (no shield)
rNeg     + . .     Faith    .   o - +3 scale mail
rPois    ∞         Spirit   .   (no helmet)
rElec    +         Reflect  .   (no cloak)
rCorr    .         Harm     .   (no gloves)
MR       ++...     NoTele   +   (no boots)
Stlth    ..........             (no amulet)
HPRegen  1.16/turn              (no ring)
MPRegen  0.08/turn              (no ring)

@: regenerating
A: negative energy resistance 1, electricity resistance, unbreathing,
petrification resistance, rot immunity, AC +4
a: Berserk, Trog's Hand, Brothers in Arms, Renounce Religion


You were in the Dungeon.
You worshipped Trog.
Trog was extremely pleased with you.
You were hungry.

You visited 1 branch

Inventory:

Hand Weapons
 j - a +2 hand axe
 n - a +0 hand axe of freezing
 p - a +7 antimagic war axe (weapon)
Armour
 b - a +0 animal skin
 o - a +3 scale mail (worn)
Scrolls
 i - a scroll of blinking
 k - 3 scrolls of remove curse
 l - a scroll of summoning
Potions
 a - 2 potions of invisibility
 d - 6 potions of curing
 e - 6 potions of heal wounds
 f - a potion of haste
 g - 4 potions of magic
 h - 3 potions of berserk rage
Comestibles
 c - 9 rations


   Skills:
 + Level 8.7 Fighting
 + Level 7.2 Axes
 + Level 8.3 Armour
 + Level 6.3 Dodging


You had 6 spell levels left.
You didn't know any spells.
Your spell library was empty.

Dungeon Overview and Level Annotations

Branches:
Dungeon (1/1)

Altars:


Innate Abilities, Weirdness & Mutations

You are resistant to torment.
Your stone body is resilient. (AC +4)
You are immune to poison.
You resist negative energy. (rN+)
You are resistant to electric shocks. (rElec)
You can survive without breathing.
You are immune to petrification.
You are immune to rotting.


Message History

The bog body hits you! The bog body closely misses you.
The bog body points at you and mumbles some strange words.
The bolt of cold hits you!!
* * * LOW HITPOINT WARNING * * *
You are too injured to fight recklessly!
You are too injured to fight recklessly!
You are too injured to fight recklessly!
You are too injured to fight recklessly!
You are too injured to fight recklessly!
You are too injured to fight recklessly!
You are too injured to fight recklessly!
You are too injured to fight recklessly!
You are too injured to fight recklessly!
You are too injured to fight recklessly!
You are too injured to fight recklessly!
Your skin crawls.
You feel resistant to hostile enchantments.
You are feeling hungry.
The bog body hits you!
You die...

#.#...)))..##.......#
#'###########.......#
#)).....# #########
#))#.#..# #)##.##.#
#)......#+#
#.##.##.#.+
#..#.#..#n#
#.......)@#
###########


You could see a bog body.

Vanquished Creatures
  A floating eye (D)
  An orc warrior (D)
  A big kobold (D)
  A gnoll sergeant (D)
  An iron imp (D)
  An orc wizard (D)
  4 gnolls (D)
  2 river rats (D)
  An ufetubus (D)
  A worm (D)
  3 orcs (D)
  A bat (D)
  A bat zombie (D)
  A hobgoblin (D)
  A ball python (D)
  A frilled lizard (D)
22 creatures vanquished.

Notes
Turn   | Place    | Note
-------+----------+-------------------------------------------
     0 | D        | Fang the Gargoyle Berserker began the quest for the Orb.
     0 | D        | Reached XP level 1. HP: 14/14 MP: 1/1
    67 | D        | Noticed a floating eye
    69 | D        | Paralysed by a floating eye for 2 turns
    73 | D        | Killed a floating eye
    73 | D        | Reached ** piety under Trog
    73 | D        | Reached skill level 5 in Fighting
    73 | D        | Reached skill level 5 in Armour
    73 | D        | Reached XP level 2. HP: 22/22 MP: 2/2
    73 | D        | Reached XP level 3. HP: 27/27 MP: 3/3
    73 | D        | Reached XP level 4. HP: 32/32 MP: 4/4
    82 | D        | Reached skill level 5 in Axes
    92 | D        | Reached XP level 5. HP: 31/36 MP: 5/5
    94 | D        | Reached *** piety under Trog
   200 | D        | Noticed a big kobold
   203 | D        | Reached **** piety under Trog
   211 | D        | Reached ***** piety under Trog
   215 | D        | Killed a big kobold
   215 | D        | Reached skill level 5 in Dodging
   215 | D        | Reached XP level 6. HP: 44/44 MP: 6/6
   217 | D        | Received a gift from Trog
   473 | D        | Noticed an orc warrior
   482 | D        | Killed an orc warrior
   482 | D        | Reached XP level 7. HP: 19/50 MP: 2/7
   675 | D        | Noticed a bog body
   679 | D        | Mangled by a bog body

Skill      XL: |  1  2  3  4  5  6 |
---------------+-------------------+-----
Axes           | 4 5 6 7 |  7.2
Dodging        | 4 5 6 |  6.3
Fighting       | 5 6 7 8 |  8.7
Armour         | 5 7 8 |  8.3

Action                   |  1- 3 |  4- 6 |  7- 9 || total
-------------------------+-------+-------+-------++-------
Melee: Hand axe          |    12 |    51 |       ||    63
       War axe           |       |    10 |     3 ||    13
Invok: Berserk           |       |     1 |       ||     1
       Trog's Hand       |       |       |     1 ||     1
Armor: Animal skin       |     7 |     5 |       ||    12
       Scale mail        |       |    24 |     1 ||    25
Dodge: Dodged            |     8 |    39 |     3 ||    50
